 Dungeon Crawl Stone Soup version 0.25-a0-804-g50c693f418 (webtiles) character file.

Game seed: 18089005843474957429, levelgen mode: deterministic

9217 Error4North the Cleaver (level 11, -4/99 HPs)
             Began as a Hill Orc Fighter on Apr 19, 2020.
             Was an Elder of Okawaru.
             Slain by a manticore (5 damage)
             ... on level 11 of the Dungeon.
             The game lasted 00:42:58 (11127 turns).

Error4North the Cleaver (Hill Orc Fighter)         Turns: 11127, Time: 00:43:01

Health: -4/99      AC: 21    Str: 23    XL:     11   Next: 43%
Magic:  12/12      EV: 10    Int:  8    God:    Okawaru [****..]
Gold:   402        SH: 12    Dex: 10    Spells: 10/10 levels left

rFire    + . .     SeeInvis .   w - +6 broad axe (flame)
rCold    + . .     Gourm    .   c - +0 kite shield
rNeg     . . .     Faith    .   s - +3 scale mail of Kyeg {rCorr Stlth+}
rPois    +         Spirit   .   e - +0 helmet
rElec    +         Reflect  .   n - +2 cloak {rPois}
rCorr    +         Harm     .   (no gloves)
MR       .....                  (no boots)
Stlth    +.........             (no amulet)
HPRegen  0.26/turn              g - ring of flight
MPRegen  0.13/turn              i - +5 ring of protection

@: resistant, flayed
A: no striking features
a: Heroism, Renounce Religion, Evoke Flight


You were on level 11 of the Dungeon.
You worshipped Okawaru.
Okawaru was greatly pleased with you.
You were not hungry.

You visited 2 branches of the dungeon, and saw 12 of its levels.

You collected 678 gold pieces.
You spent 276 gold pieces at shops.

Inventory:

Hand Weapons
 w - a +6 broad axe of flaming (weapon)
Missiles
 y - 5 boomerangs (quivered)
Armour
 c - a +0 kite shield (worn)
 e - a +0 helmet (worn)
 n - a +2 cloak of poison resistance (worn)
 s - the +3 scale mail of Kyeg (worn) {rCorr Stlth+}
   (You found it on level 4 of the Dungeon)

   It provides partial protection from all sources of acid and corrosion.
   It makes you more stealthy.
Jewellery
 a - an uncursed ring of magical power
 g - a ring of flight (left hand)
 i - a +5 ring of protection (right hand)
 x - a cursed -3 ring of protection
 D - an uncursed ring of protection from cold {unknown}
Wands
 m - a wand of polymorph (16)
 u - a wand of acid (7)
 A - a wand of iceblast (6)
 C - a wand of random effects (11)
 F - a wand of paralysis (12)
Scrolls
 b - a scroll of amnesia
 d - a scroll of random uselessness {unknown}
 j - 9 scrolls of teleportation
 k - 5 scrolls of remove curse
 r - 4 scrolls of identify
 t - 2 scrolls of blinking {unknown}
 v - a scroll of enchant armour {unknown}
Potions
 l - 2 potions of brilliance
 p - 3 potions of lignification
 q - 2 potions of flight
 z - 2 potions of curing
Miscellaneous
 E - a lightning rod (4/4)
Comestibles
 f - 30 rations
 B - 5 chunks of flesh


   Skills:
 * Level 9.6 Fighting
 + Level 12.6 Axes
 + Level 1.0 Throwing
 * Level 9.1 Armour
 + Level 3.1 Dodging
 + Level 0.4 Stealth
 * Level 9.9 Shields
 * Level 1.9 Invocations
 * Level 1.9 Evocations


You had 10 spell levels left.
You didn't know any spells.
Your spell library contained the following spells:

 Spells                   Type           Power        Failure   Level  Hunger
 Animate Skeleton         Necr           N/A          88%         1    ##.....
 Apportation              Tloc           #.....       88%         1    ##.....
 Corona                   Hex            #......      88%         1    ##.....
 Summon Small Mammal      Summ           #...         88%         1    ##.....
 Confusing Touch          Hex            #.......     99%         3    ####...
 Gell's Gravitas          Tloc           #.........   99%         3    ####...
 Petrify                  Tmut/Erth      #.......     100%        4    #####..
 Metabolic Englaciation   Hex/Ice        #.........   100%        5    ######.
 Yara's Violent Unravell  Hex/Tmut       #.........   100%        5    ######.


Dungeon Overview and Level Annotations

Branches:
Dungeon (11/15)            Temple (1/1) D:7            Lair (0/6) D:10
    Orc (0/2) D:11

Altars:
Ashenzari
Cheibriados
Dithmenos
Elyvilon
Fedhas
Gozag
Hepliaklqana
Kikubaaqudgha
Makhleb
Nemelex Xobeh
Okawaru
Qazlal
Ru
Sif Muna
Trog
Uskayaw
Vehumet
Wu Jian
Xom
Yredelemnul
Zin
The Shining One

Shops:
D:7 ?   D:9 }(!?

Annotations:
D:5 Pikel
D:9 exclusion: ice statue


Message History

The hell knight blinks!
The manticore bites you.
* * * LOW HITPOINT WARNING * * *
The manticore claws you.
* * * LOW HITPOINT WARNING * * *
The manticore claws you but does no damage.
The hell knight gestures at you while chanting.
Pain shoots through your body!
* * * LOW HITPOINT WARNING * * *
The hell knight casts a spell at you. Pain shoots through your body!
* * * LOW HITPOINT WARNING * * *
There is an open door, spattered with blood here.
You slash the hell knight!
The hell knight is almost dead.
Your scale mail of Kyeg prevents you from hitting the manticore.
The manticore bites you!
* * * LOW HITPOINT WARNING * * *
The manticore closely misses you. The manticore claws you.
You die...

............#
............
#############
#####........
.......##########
#.......#
...##..##.......+
##...####
########.#########
...#
.......'.#=|'..ZFW
.......'.#$)'..oc)###
########.#########c.#
...##..##......p@H#.#
.......##############
########


You could see a hell knight, a manticore and a centaur.

Vanquished Creatures
  A centaur warrior (D:11)
  2 centaur zombies
  A gargoyle (D:10)
  Maggie (D:6)
  2 trolls
  2 hippogriffs
  A wraith (D:10)
  4 yaks (D:10)
  A hungry ghost (D:3)
  A steam dragon (D:9)
  Menkaure (D:5)
  A water moccasin (D:9)
  Duvessa (D:5)
  2 ice beasts
  6 orc warriors
  2 black bears (D:10)
  A phantom (D:7)
  5 sky beasts
  An eye of draining (D:11)
  11 ogres
  A necrophage (D:6)
  A centaur (D:8)
  A crocodile (D:7)
  5 big kobolds
  3 bullfrogs
  A gnoll sergeant (D:6)
  Dowan (D:5)
  A water moccasin skeleton (D:7)
  5 scorpions
  6 killer bees (D:8)
  A howler monkey (D:5)
  6 crimson imps
  A hound (D:8)
  2 bullfrog zombies
  A centaur skeleton (D:9)
  8 orc priests
  3 jellies
  Crazy Yiuf (D:2)
  An iguana (D:6)
  12 orc wizards
  5 worker ants
  A hound zombie (D:10)
  A worker ant zombie (D:10)
  2 howler monkey zombies
  18 adders
  3 gnolls (D:6)
  A shadow imp (D:6)
  2 oozes (D:2)
  6 worms
  2 adder skeletons
  2 dart slugs
  9 leopard geckos
  32 orcs
  8 bats
  6 giant cockroaches
  10 goblins
  11 hobgoblins
  12 jackals
  4 quokkas
  A frilled lizard (D:2)
  26 kobolds
  A quokka skeleton (D:6)
  4 rats
275 creatures vanquished.

Vanquished Creatures (others)
  A scorpion (D:4)
1 creature vanquished.

Grand Total: 276 creatures vanquished

Notes
Turn   | Place    | Note
-------+----------+-------------------------------------------
     0 | D:1      | Error4North the Hill Orc Fighter began the quest for the
                  | Orb.
     0 | D:1      | Reached XP level 1. HP: 19/19 MP: 1/1
   146 | D:1      | Reached XP level 2. HP: 19/27 MP: 2/2
   892 | D:1      | Reached skill level 3 in Axes
  1081 | D:2      | Reached XP level 3. HP: 27/33 MP: 3/3
  1143 | D:2      | Found an opulent altar of Gozag.
  1191 | D:2      | Found a runed translucent door.
  1192 | D:2      | Noticed Crazy Yiuf
  1415 | D:2      | Reached XP level 4. HP: 33/41 MP: 4/4
  1568 | D:2      | Found a faded altar of an unknown god.
  1767 | D:2      | Killed Crazy Yiuf
  1767 | D:2      | Reached skill level 4 in Axes
  1854 | D:3      | Reached XP level 5. HP: 45/47 MP: 5/5
  2249 | D:3      | Noticed a hungry ghost
  2289 | D:3      | Killed a hungry ghost
  2289 | D:3      | Reached skill level 5 in Fighting
  2289 | D:3      | Reached XP level 6. HP: 55/56 MP: 6/6
  2356 | D:3      | Reached skill level 5 in Axes
  3074 | D:3      | Reached skill level 5 in Shields
  3106 | D:4      | Reached XP level 7. HP: 49/61 MP: 7/7
  3209 | D:4      | Reached skill level 5 in Armour
  3433 | D:4      | Reached skill level 1 in Dodging
  4041 | D:4      | Got a faintly glowing scale mail
  4044 | D:4      | Identified the +3 scale mail of Kyeg {rCorr Stlth+} (You
                  | found it on level 4 of the Dungeon)
  4348 | D:4      | Noticed Ijyb
  4369 | D:4      | Noticed Ijyb
  4369 | D:4      | Ijyb changed into Ijyb the scorpion
  4373 | D:4      | Killed Ijyb the scorpion
  4665 | D:5      | Entered Level 5 of the Dungeon
  4667 | D:5      | Noticed Menkaure
  4848 | D:5      | Reached skill level 6 in Axes
  4848 | D:5      | Reached XP level 8. HP: 34/70 MP: 8/8
  4983 | D:5      | Found a blossoming altar of Fedhas.
  5069 | D:5      | Noticed Pikel
  5088 | D:5      | Noticed Dowan
  5088 | D:5      | Noticed Duvessa
  5598 | D:5      | Killed Duvessa
  5598 | D:5      | Reached skill level 7 in Axes
  5605 | D:5      | Killed Menkaure
  5630 | D:5      | Killed Dowan
  6051 | D:6      | Noticed Maggie
  6175 | D:6      | Reached XP level 9. HP: 52/78 MP: 9/9
  6351 | D:6      | Reached skill level 8 in Axes
  6398 | D:6      | Got a jacinth-studded chain mail
  6695 | D:6      | Identified the cursed +1 chain mail "Dakug" {*Slow rPois
                  | rC+++ Dex-4} (You found it on level 6 of the Dungeon)
  7026 | D:6      | Killed Maggie
  7026 | D:6      | Reached skill level 9 in Axes
  7452 | D:7      | Found Muniekaw's Magic Scroll Emporium.
  7577 | D:7      | Found a staircase to the Ecumenical Temple.
  7591 | Temple   | Entered the Ecumenical Temple
  7633 | Temple   | Became a worshipper of Warmaster Okawaru
  7844 | D:7      | Reached skill level 10 in Axes
  7942 | D:7      | Noticed a troll
  7950 | D:7      | Killed a troll
  7950 | D:7      | Reached * piety under Okawaru
  7950 | D:7      | Reached XP level 10. HP: 69/88 MP: 10/10
  8002 | D:7      | Bought a scroll of enchant weapon for 97 gold pieces
  8002 | D:7      | Bought a scroll of enchant weapon for 97 gold pieces
  8060 | D:7      | Found a stormy altar of Qazlal.
  8259 | D:7      | Reached ** piety under Okawaru
  8270 | D:7      | Found a shimmering altar of Xom.
  8270 | D:7      | Found a basalt altar of Yredelemnul.
  8399 | D:8      | Reached skill level 11 in Axes
  8487 | D:8      | Found a glowing golden altar of the Shining One.
  9285 | D:9      | Found Yghiteif's Gadget Emporium.
  9398 | D:9      | Reached *** piety under Okawaru
  9428 | D:9      | Noticed an ice statue
  9437 | D:9      | Found Moantof's Distillery.
  9542 | D:9      | Found Pithrallor's Antique Weapon Emporium.
  9598 | D:9      | Found Naotuvib's Magic Scroll Shop.
  9606 | D:9      | Bought a scroll of enchant weapon for 82 gold pieces
  9749 | D:10     | Entered Level 10 of the Dungeon
  9984 | D:10     | Reached **** piety under Okawaru
  9984 | D:10     | Reached skill level 12 in Axes
  9984 | D:10     | Reached XP level 11. HP: 91/97 MP: 11/11
 10076 | D:10     | Found a staircase to the Lair.
 10431 | D:10     | Reached skill level 1 in Evocations
 10647 | D:10     | Received a gift from Okawaru
 10951 | D:11     | Found a staircase to the Orcish Mines.
 10962 | D:11     | Reached skill level 1 in Invocations
 11099 | D:11     | Noticed a flayed ghost
 11099 | D:11     | Noticed a centaur warrior
 11099 | D:11     | Noticed a hell knight
 11099 | D:11     | Noticed a manticore
 11107 | D:11     | Killed a centaur warrior
 11107 | D:11     | Reached skill level 1 in Throwing
 11119 | D:11     | HP: 4/99 [hell knight/bolt of fire (42)]
 11127 | D:11     | HP: 1/99 [manticore (7)]
 11127 | D:11     | Slain by a manticore

Levels and vault maps discovered:
D:1:      lemuel_arrival_hallway, layout_basic
D:2:      layout_loops_ring, overflow_temple_1_default,
          chequers_ecumenical_altar_simple_redux, lemuel_statue_altar,
          uniq_crazy_yiuf_cottage
D:3:      layout_basic, serial_forest, infiniplex_forest_join,
          infiniplex_forest_clump_small, infiniplex_forest_diagonal,
          infiniplex_forest_3_way, infiniplex_forest_straight_3,
          infiniplex_forest_clump_double, minmay_misc_feat_four_crosses
D:4:      layout_basic, first_ration, uniq_ijyb
D:5:      layout_basic, lemuel_coloured_pillars_altar, uniq_duvessa,
          uniq_menkaure, uniq_pikel
D:6:      layout_basic, uniq_maggie
D:7:      layout_rooms, gammafunk_temple_overflow_wave,
          minmay_temple_entry_arrows, basic_altar, serial_shops, shop
D:8:      layout_layer_cave, basic_altar
D:9:      cheibrodos_frozen_isle, layout_cave_pools, serial_shops,
          nicolae_shop_waterfront, shop, shop, shop, grunt_ogre_cave
D:10:     minmay_goldmine, layout_basic, dpeg_oklobed_lair
D:11:     layout_cave_pods, orc_0_dummy, wad_scary_box
Temple:   dpeg_five_rooms_temple

Skill      XL: |  1  2  3  4  5  6  7  8  9 10 11 |
---------------+----------------------------------+-----
Fighting       | 4 5 6 7 9 |  9.6
Axes           | 3 4 5 6 7 10 12 | 12.6
Armour         | 4 5 6 7 8 9 |  9.1
Shields        | 4 5 7 8 9 |  9.9
Dodging        | 1 2 3 |  3.1
Evocations     | 1 |  1.9
Invocations    | 1 |  1.9
Throwing       | 1 |  1.0
Stealth        | |  0.4

Action                   |  1- 3 |  4- 6 |  7- 9 | 10-12 || total
-------------------------+-------+-------+-------+-------++-------
Melee: War axe           |   105 |   207 |   356 |       ||   668
       Unarmed           |       |     1 |       |       ||     1
       Broad axe         |       |       |    73 |   245 ||   318
Throw: Boomerang         |       |       |     1 |    13 ||    14
Invok: Heroism           |       |       |       |     1 ||     1
Evoke: Wand              |       |       |     1 |       ||     1
  Use: Scroll            |     2 |     1 |     7 |     4 ||    14
       Potion            |       |     1 |     7 |     5 ||    13
  Eat: Chunk             |     2 |     5 |    16 |     7 ||    30
       Ration            |       |     2 |       |     1 ||     3
Armor: Scale mail        |    42 |    79 |   187 |    94 ||   402
       Chain mail        |       |    65 |    65 |       ||   130
       Skin              |       |       |     4 |       ||     4
Dodge: Dodged            |    33 |    72 |   133 |    77 ||   315
Block: Kite shield       |    45 |   109 |   231 |   134 ||   519

Table legend:
 A = Non-vault XP
 B = Vault XP
 C = Vault XP percentage of total XP
 D = Non-vault monster count
 E = Vault monster count
 F = Vault count percentage of total count
                 A         B        C        D         E       F
            +---------+---------+-------+---------+---------+-------
      Total |   11039 |    2129 |  16.2 |     257 |      19 |   6.9
            +---------+---------+-------+---------+---------+-------
        D:1 |      33 |       0 |   0.0 |      19 |       0 |   0.0
        D:2 |      82 |      39 |  32.2 |      21 |       1 |   4.5
        D:3 |     432 |       0 |   0.0 |      27 |       0 |   0.0
        D:4 |     314 |      54 |  14.7 |      31 |       1 |   3.1
        D:5 |     713 |     372 |  34.3 |      10 |       3 |  23.1
        D:6 |    1311 |     350 |  21.1 |      28 |       1 |   3.4
        D:7 |    2331 |       0 |   0.0 |      42 |       0 |   0.0
        D:8 |     930 |       0 |   0.0 |      16 |       0 |   0.0
        D:9 |    1068 |     127 |  10.6 |       9 |       1 |  10.0
       D:10 |    2902 |     217 |   7.0 |      41 |      11 |  21.2
       D:11 |     793 |     970 |  55.0 |      12 |       1 |   7.7
     Temple |     130 |       0 |   0.0 |       1 |       0 |   0.0
            +---------+---------+-------+---------+---------+-------
